 Dungeon Crawl Stone Soup version 0.25-a0-1007-g10a8c3caa8 (webtiles) character file.

Game seed: 2843279629663477287, levelgen mode: deterministic

895 Flugslaktarn the Chopper (level 7, -3/63 HPs)
             Began as a Minotaur Fighter on May 11, 2020.
             Was an Initiate of Ru.
             Killed from afar by an orc wizard (7 damage)
             ... with a magic dart
             ... on level 5 of the Dungeon.
             The game lasted 00:01:53 (4295 turns).

Flugslaktarn the Chopper (Minotaur Fighter)         Turns: 4295, Time: 00:01:53

Health: -3/63      AC:  7    Str: 21    XL:     7   Next: 78%
Magic:  6/6        EV:  8    Int:  5    God:    Ru [......]
Gold:   288        SH: 10    Dex: 11    Spells: 6/6 levels left

rFire    . . .     SeeInvis .   a - +0 war axe
rCold    . . .     Gourm    .   c - +0 kite shield
rNeg     + . .     Faith    .   b - +0 scale mail
rPois    .         Spirit   .   (helmet restricted)
rElec    .         Reflect  .   (no cloak)
rCorr    .         Harm     .   (no gloves)
MR       .....                  (no boots)
Stlth    ..........             (no amulet)
HPRegen  0.20/turn              n - ring of positive energy
MPRegen  0.10/turn              (no ring)

@: slowed, very slow
A: retaliatory headbutt, horns 2
a: Renounce Religion


You were on level 5 of the Dungeon.
You worshipped Ru.
Ru was noncommittal.
You were not hungry.

You visited 1 branch of the dungeon, and saw 5 of its levels.

You collected 288 gold pieces.

Inventory:

Hand Weapons
 a - a +0 war axe (weapon)
Armour
 b - a +0 scale mail (worn)
 c - a +0 kite shield (worn)
Jewellery
 n - a ring of positive energy (left hand)
   (You found it on level 3 of the Dungeon)
Scrolls
 f - a scroll of remove curse {unknown}
 g - 3 scrolls of enchant armour {unknown}
 i - 2 scrolls of fear {unknown}
 j - 2 scrolls of random uselessness {unknown}
 k - a scroll of teleportation {unknown}
 l - 2 scrolls of identify {unknown}
 q - a scroll of enchant weapon {unknown}
Potions
 d - a potion of might
 h - 2 potions of berserk rage {unknown}
 o - a potion of brilliance {unknown}
 p - 2 potions of curing {unknown}
Comestibles
 e - 9 rations


   Skills:
 + Level 6.0 Fighting
 * Level 7.1 Axes
 + Level 6.0 Armour
 + Level 6.0 Shields


You had 6 spell levels left.
You didn't know any spells.
Your spell library was empty.

Dungeon Overview and Level Annotations

Branches:
Dungeon (5/15)
 Temple: D:4-7

Altars:
Nemelex Xobeh
Ru
Sif Muna


Innate Abilities, Weirdness & Mutations

You reflexively headbutt those who attack you in melee.
You have a pair of horns on your head.


Message History

* * * LOW HITPOINT WARNING * * *
You block the orc wizard's attack.
Your shield and scale mail prevent you from hitting the orc wizard.
You headbutt the orc wizard.
The orc wizard is lightly wounded.
The orc wizard hits you with a +0 dagger.
* * * LOW HITPOINT WARNING * * *
You block the orc wizard's attack.
You hit the orc wizard.
The orc wizard is moderately wounded.
You block the orc wizard's attack.
The orc wizard hits you but does no damage. x2
You hit the orc wizard.
The orc wizard is severely wounded.
You block the orc wizard's attack.
The orc wizard hits you with a +0 dagger.
* * * LOW HITPOINT WARNING * * *
The orc wizard points at you and mumbles some strange words.
The magic dart hits you!
You die...

#.####.#
#########.####.#
#.......<....#.#
#.#######.##.#.#
#.##.#.# #......#
####.### #o## #@.#
####)####
#.......#
..#.##.##.#
#.#.##># .# #. #.
#.#.)..# .# #.. #.
#.#..### .# #.###.
#.#..####.#
#.....##.#.).....#


You could see an orc wizard (fast).

Vanquished Creatures
  A phantom (D:4)
  An ogre (D:4)
  A centaur (D:5)
  A scorpion (D:4)
  4 wights (D:4)
  A howler monkey (D:5)
  An orc priest (D:5)
  5 orc wizards
  An iguana (D:4)
  2 worker ants (D:5)
  6 adders
  2 adder skeletons (D:4)
  4 worms
  A dart slug (D:1)
  2 leopard geckos
  11 orcs
  6 bats
  A giant cockroach (D:3)
  6 hobgoblins
  11 jackals
  3 quokkas
  2 ball pythons
  4 frilled lizards (D:3)
  6 goblins
  5 kobolds
  A leopard gecko skeleton (D:4)
  8 rats
97 creatures vanquished.

Vanquished Creatures (others)
  A jackal (D:2)
1 creature vanquished.

Grand Total: 98 creatures vanquished

Notes
Turn   | Place    | Note
-------+----------+-------------------------------------------
     0 | D:1      | Flugslaktarn the Minotaur Fighter began the quest for the
                  | Orb.
     0 | D:1      | Reached XP level 1. HP: 19/19 MP: 0/0
   105 | D:1      | Reached XP level 2. HP: 27/27 MP: 1/1
   263 | D:1      | Reached skill level 3 in Axes
   742 | D:2      | Reached XP level 3. HP: 33/33 MP: 2/2
  1028 | D:3      | Reached XP level 4. HP: 10/40 MP: 3/3
  1271 | D:2      | Reached skill level 4 in Axes
  1717 | D:2      | Reached XP level 5. HP: 47/47 MP: 4/4
  2079 | D:3      | Found a faded altar of an unknown god.
  2381 | D:3      | Found a sacrificial altar of Ru.
  2382 | D:3      | Found a shimmering blue altar of Sif Muna.
  2389 | D:3      | Became a worshipper of Ru the Awakened
  2783 | D:4      | Reached skill level 5 in Axes
  2843 | D:4      | Reached XP level 6. HP: 55/55 MP: 5/5
  2849 | D:4      | Reached skill level 5 in Fighting
  2849 | D:4      | Reached skill level 5 in Armour
  2849 | D:4      | Reached skill level 5 in Shields
  3420 | D:4      | Reached skill level 6 in Axes
  3420 | D:4      | Reached XP level 7. HP: 61/61 MP: 6/6
  3479 | D:4      | Found a sparkling altar of Nemelex Xobeh.
  3545 | D:4      | HP: 2/61 [ogre/+0 giant club (16)]
  3976 | D:5      | Entered Level 5 of the Dungeon
  4263 | D:5      | Reached skill level 7 in Axes
  4295 | D:5      | Killed from afar by an orc wizard

Illustrated notes

Levels and vault maps discovered:
D:1:      heliophobic_arrival_ceremonial_halls, layout_loops_ring
D:2:      layout_loops_ring
D:3:      layout_loops_ring, gammafunk_temple_overflow_statue, first_ration,
          chequers_ecumenical_altar_simple, kennysheep_generic_room_3
D:4:      layout_basic, nemelex_diamond_rough_becter
D:5:      layout_loops_cross, minmay_temple_entry_enclosed_plants, serial_shops,
          shop, nicolae_shop_window_shopping, shop, hangedman_decor_peaks_small,
          uniq_pikel, uniq_eustachio

Skill      XL: |  1  2  3  4  5  6  7 |
---------------+----------------------+-----
Axes           | 3 4 5 6 7 |  7.1
Fighting       | 4 5 6 |  6.0
Shields        | 4 5 6 |  6.0
Armour         | 4 5 6 |  6.0

Action                   |  1- 3 |  4- 6 |  7- 9 || total
-------------------------+-------+-------+-------++-------
Melee: War axe           |    74 |   127 |    55 ||   256
       Headbutt          |    12 |    26 |     9 ||    47
  Eat: Chunk             |       |     8 |       ||     8
       Ration            |       |       |     1 ||     1
Armor: Scale mail        |    33 |    43 |    20 ||    96
Dodge: Dodged            |    27 |    37 |     7 ||    71
Block: Kite shield       |    64 |    52 |    27 ||   143

Table legend:
 A = Non-vault XP
 B = Vault XP
 C = Vault XP percentage of total XP
 D = Non-vault monster count
 E = Vault monster count
 F = Vault count percentage of total count
                 A         B        C        D         E       F
            +---------+---------+-------+---------+---------+-------
      Total |    1278 |       1 |   0.1 |      96 |       1 |   1.0
            +---------+---------+-------+---------+---------+-------
        D:1 |      33 |       0 |   0.0 |      18 |       0 |   0.0
        D:2 |     146 |       0 |   0.0 |      29 |       0 |   0.0
        D:3 |      66 |       1 |   1.5 |      21 |       1 |   4.5
        D:4 |     674 |       0 |   0.0 |      18 |       0 |   0.0
        D:5 |     359 |       0 |   0.0 |      10 |       0 |   0.0
            +---------+---------+-------+---------+---------+-------
